 Dungeon Crawl Stone Soup version 0.25.1-9-gc5326a611f (webtiles) character file.

Game seed: 9939003656548598247

40 tkbsonic5 the Charmwright (level 3, 0/28 HPs)
             Began as a Demonspawn Skald on Nov 25, 2021.
             Slain by an orc
             ... wielding a +0 dagger
              (1 damage)
             ... on level 2 of the Dungeon.
             The game lasted 00:04:32 (1033 turns).

tkbsonic5 the Charmwright (Demonspawn Skald)        Turns: 1033, Time: 00:04:32

Health: 0/28       AC:  3    Str: 12    XL:     3   Next: 30%
Magic:  0/6        EV: 12    Int: 14    God:
Gold:   9          SH:  0    Dex: 12    Spells: 3/6 levels left

rFire    . . .     SeeInvis .   a - +0 hand axe
rCold    . . .     Gourm    .   (no shield)
rNeg     . . .     Faith    .   b - +0 leather armour
rPois    .         Spirit   .   (no helmet)
rElec    .         Reflect  .   (no cloak)
rCorr    .         Harm     .   (no gloves)
MR       .....                  (no boots)
Stlth    +.........             (no amulet)
HPRegen  0.09/turn              (no ring)
MPRegen  0.10/turn              (no ring)

@: lethally poisoned (0 -> -38), infused
A: spiny 1
a: no special abilities


You were on level 2 of the Dungeon.
You were hungry.

You visited 1 branch of the dungeon, and saw 2 of its levels.

You collected 9 gold pieces.

Inventory:

Hand Weapons
 a - a +0 hand axe (weapon)
Missiles
 f - 11 poisoned darts (quivered)
Armour
 b - a +0 leather armour (worn)
Scrolls
 e - a scroll of enchant weapon {unknown}
 g - a scroll of enchant armour {unknown}
 i - a scroll of identify {unknown}
Potions
 h - 2 potions of curing
Comestibles
 c - 2 chunks of flesh
 d - 3 rations


   Skills:
 * Level 2.5 Fighting
 + Level 2.0 Axes
 - Level 0.8 Armour
 + Level 2.1 Dodging
 - Level 0.3 Stealth
 * Level 2.2 Spellcasting
 * Level 3.0 Charms
 * Level 0.4 Translocations


You had 3 spell levels left.
You knew the following spells:

 Your Spells              Type           Power        Failure   Level  Hunger
a - Infusion              Chrm           #...         9%          1    #......
b - Shroud of Golubria    Chrm/Tloc      #.....       22%         2    ###....

Your spell library contained the following spells:

 Spells                   Type           Power        Failure   Level  Hunger
 Song of Slaying          Chrm           #.......     13%         2    ###....
 Ozocubu's Armour         Chrm/Ice       #.......     43%         3    ###....
 Spectral Weapon          Hex/Chrm       #.......     43%         3    ###....


Dungeon Overview and Level Annotations

Branches:
Dungeon (2/15)

Altars:


Innate Abilities, Weirdness & Mutations

You are partially covered in sharp spines.


Message History

The orc is almost dead.
You closely miss the orc. You hit the orc.
You feel sick. The orc barely misses you.
A gnoll comes into view. It is wielding a +0 club.
The orc hits you but does no damage.
You are more poisoned.
The orc is struck by your spines.
You kill the orc!
The orc hits you with a cursed -3 trident.
Your shroud falls apart!
* * * LOW HITPOINT WARNING * * *
You feel sick.
The orc hits you with a +0 dagger of venom.
* * * LOW HITPOINT WARNING * * *
You are more poisoned.
There is a stone staircase leading up here.
* * * LOW HITPOINT WARNING * * *
You feel very sick.
The orc closely misses you. x2; The orc hits you with a +0 dagger.
You die...

#......# #.......#
#.##.#.# #########
#.##.#.## #.##....########
#.##..>........#
#.##.#.........# #
#.....)รท.......######K...
####.##......o)(.g...((.(
#.###....@oo######...#
#.###.......# #
#.<.........#
#############


You could see a gnoll and 3 orcs.

Vanquished Creatures
  An adder (D:2)
  A dart slug (D:2)
  2 leopard geckos (D:1)
  2 orcs (D:2)
  5 bats
  A giant cockroach (D:1)
  3 goblins
  2 hobgoblins
  2 ball pythons
  2 frilled lizards (D:2)
  4 kobolds
  A rat (D:1)
26 creatures vanquished.

Vanquished Creatures (others)
  3 toadstools (D:2)
3 creatures vanquished.

Grand Total: 29 creatures vanquished

Notes
Turn   | Place    | Note
-------+----------+-------------------------------------------
     0 | D:1      | tkbsonic5 the Demonspawn Skald began the quest for the Orb.
     0 | D:1      | Reached XP level 1. HP: 16/16 MP: 3/3
   222 | D:1      | Gained mutation: You are partially covered in sharp spines.
                  | [demonic ancestry]
   222 | D:1      | Reached XP level 2. HP: 22/22 MP: 5/5
   375 | D:1      | Learned a level 2 spell: Shroud of Golubria
  1022 | D:2      | Reached XP level 3. HP: 24/28 MP: 3/6
  1023 | D:2      | Reached skill level 3 in Charms
  1033 | D:2      | HP: 1/28 [poisoned by an orc]
  1033 | D:2      | Slain by an orc

Illustrated notes

Levels and vault maps discovered:
D:1:      ncdulo_watergridlock, layout_rooms
D:2:      layout_loops_cross, minitemple, minmay_gold_behind_fungi

Skill      XL: |  1  2  3 |
---------------+----------+-----
Axes           | 2 |  2.0
Dodging        | 2 |  2.1
Charms         | 3 |  3.0
Fighting       | |  2.5
Armour         | |  0.8
Stealth        | |  0.3
Spellcasting   | |  2.2
Translocations | |  0.4

Action                   || total
-------------------------++-------
Melee: Hand axe          ||    55
Throw: Dart              ||    17
 Cast: Shroud of Golubri ||     2
       Infusion          ||     1
  Use: Potion            ||     1
Armor: Leather armour    ||    23
Dodge: Dodged            ||    41
